 Dungeon Crawl Stone Soup version 0.18-a0-124-g4fdfa27 (webtiles) character file.

1850 wvc the Twirler (level 8, -8/39 HPs)
             Began as a Spriggan Wanderer on Nov 20, 2015.
             Mangled by a centaur (9 damage)
             ... on level 6 of the Dungeon.
             The game lasted 00:13:30 (8385 turns).

wvc the Twirler (Spriggan Wanderer)                 Turns: 8385, Time: 00:13:30

Health: -8/39      AC:  3    Str:  9    XL:     8   Next: 88%
Magic:  11/11      EV: 17    Int: 16    God:
Gold:   214        SH:  0    Dex: 14    Spells: 1 memorised, 3 levels left

rFire  + . .     SeeInvis +     a - +4 quarterstaff (chaos)
rCold  . . .     Clarity  +     d - +0 robe
rNeg   . . .     SustAt   .     (shield currently unavailable)
rPois  +         Gourm    .     (helmet restricted)
rElec  .         Spirit   .     m - +0 cloak
rCorr  .         Warding  .     (gloves unavailable)
rMut   .         Stasis   .     (boots unavailable)
MR     +....                    i - amulet of clarity
Stlth  +.........               n - -2 ring of evasion (curse)
                                f - ring of protection from fire

@: very quick, somewhat resistant to hostile enchantments, very unstealthy
A: unfitting armour, see invisible, berserk 1, breathe flames 1, herbivore 3,
speed 3, mutation resistance 1, poison resistance, slow metabolism 2
a: Breathe Fire


You were on level 6 of the Dungeon.
You were not hungry.

You visited 1 branch of the dungeon, and saw 6 of its levels.

You collected 214 gold pieces.

Inventory:

Hand Weapons
 a - a +4 quarterstaff of chaos (weapon)
 b - a +0 hunting sling of flaming
Missiles
 g - 26 poisoned needles
 j - 110 stones (quivered)
 s - 22 bolts
 w - 21 silver bolts
 z - 8 needles of slowing
Armour
 d - a +0 robe (worn)
 m - a +0 cloak (worn)
Jewellery
 f - a ring of protection from fire (left hand)
 i - an amulet of clarity (around neck)
 n - a cursed -2 ring of evasion (right hand)
 o - an uncursed ring of sustain attributes
 q - an uncursed amulet of regeneration
 y - a cursed -2 ring of slaying {unknown}
Wands
 p - a wand of fire (4)
 r - a wand of confusion (31)
Scrolls
 l - a scroll of magic mapping
 u - 3 scrolls of fog
Potions
 h - 2 potions of cancellation
 k - a potion of lignification
 t - a potion of flight
 x - a potion of agility
Books
 v - a book of Transfigurations

   Spells                             Type                      Level
   a - Stoneskin                      Transmutation/Earth          2
   b - Irradiate                      Conjuration/Transmutation    5
   c - Statue Form                    Transmutation/Earth          6
   d - Hydra Form                     Transmutation                6
   e - Dragon Form                    Transmutation                7
Comestibles
 c - 3 fruits
 e - 4 bread rations


   Skills:
 - Level 1.9 Fighting
   Level 2.1(5.2) Maces & Flails
 * Level 7.5(7.7) Staves
 - Level 4.8(5.1) Slings
 - Level 2.0(3.2) Throwing
 + Level 0.3 Armour
 - Level 5.0 Dodging
 - Level 1.3 Spellcasting
   Level 3.0 Charms


You had 3 spell levels left.
You knew the following spells:

 Your Spells              Type           Power        Failure   Level  Hunger
a - Statue Form           Trmt/Erth      #........    100%        6    #######


Dungeon Overview and Level Annotations

Branches:
Dungeon (6/15)
 Temple: D:4-7

Altars:
Dithmenos
Fedhas
Okawaru
Trog


Innate Abilities, Weirdness & Mutations

You are tiny and cannot use many weapons and most armour.
You have supernaturally acute eyesight.
You are a herbivore.
You cover ground extremely quickly.
You need consume almost no food.
You tend to lose your temper in combat.
You can breathe flames.
You are somewhat resistant to further mutation.
Your system is resistant to poisons.


Message History

The goblin hits you from afar with a spear.
A centaur comes into view.
The centaur wields a shortbow.
The centaur shoots an arrow.
The arrow hits you!
Found a stone staircase leading down.
You see here an arrow.
The centaur shoots an arrow.
The arrow hits you.
You see here an arrow.
The centaur unwields an uncursed shortbow.
The centaur hits you but does no damage.
You sock the centaur!
The centaur goes berserk!
The centaur is heavily wounded.
The centaur hits you!
* * * LOW HITPOINT WARNING * * *
You are too injured to fight recklessly!
You are too injured to fight recklessly!
You are too injured to fight recklessly!
You barely miss the centaur.
The centaur is heavily wounded.
The centaur completely misses you. The centaur hits you!
You die...

##....# .. ##.####
###.## ##.####+#####
......
##..........#####..#.###
##......................
##......................
...##...##...(..........
...##...######..........
...##...# #.(@.......
##.##...#### #...c......
...........# #..........
...........# #......>...
...........# ###########
...........#
...........#
...........#
.[.........#


You could see a centaur (berserk).

Vanquished Creatures
  Sigmund (D:3)
  An ice beast (D:5)
  3 phantoms (D:5)
  2 ogres (D:5)
  2 centaurs
  The ghost of cireshan the Conjurer, an amateur DECj (D:4)
  Blork the orc (D:4)
  2 giant frogs (D:6)
  A scorpion (D:5)
  2 hounds
  A crimson imp (D:5)
  An orc priest (D:5)
  6 orc wizards
  Crazy Yiuf (D:3)
  A hound (shapeshifter) (D:5)
  An iguana (D:5)
  A giant frog skeleton (D:5)
  3 hound skeletons
  Robin (D:4)
  4 gnolls
  8 adders
  2 shadow imps (D:5)
  2 oozes
  An adder zombie (D:5)
  4 worms
  3 giant geckos
  8 orcs
  A ball python (D:2)
  4 giant cockroaches
  16 goblins
  12 hobgoblins
  5 kobolds
  3 quokkas (D:2)
  6 bats
  A giant gecko skeleton (D:4)
  2 giant gecko zombies (D:6)
  8 giant newts
  12 jackals
  A quokka skeleton (D:4)
  7 rats
142 creatures vanquished.

Notes
Turn   | Place    | Note
--------------------------------------------------------------
     0 | D:1      | wvc the Spriggan Wanderer began the quest for the Orb.
     0 | D:1      | wvc set off with: a +2 mace, a +0 hand crossbow, 31 bolts, a +0 robe, a bread ration
     0 | D:1      | Reached XP level 1. HP: 10/10 MP: 3/3
    98 | D:1      | Reached skill level 1 in Dodging
   142 | D:1      | Reached XP level 2. HP: 14/14 MP: 5/5
   921 | D:1      | Reached XP level 3. HP: 16/18 MP: 6/6
  1112 | D:2      | Reached skill level 4 in Dodging
  2137 | D:2      | Reached skill level 5 in Dodging
  2309 | D:2      | Reached XP level 4. HP: 20/23 MP: 7/7
  2407 | D:2      | Reached skill level 1 in Slings
  2472 | D:2      | Found a blossoming altar of Fedhas.
  3153 | D:3      | Gained mutation: You are somewhat resistant to further mutation. [potion of mutation]
  3153 | D:3      | Gained mutation: You tend to lose your temper in combat. [potion of mutation]
  3182 | D:3      | Noticed Crazy Yiuf
  3204 | D:3      | Killed Crazy Yiuf
  3327 | D:3      | Noticed Sigmund
  3648 | D:3      | Killed Sigmund
  3648 | D:3      | Reached skill level 1 in Staves
  3648 | D:3      | Reached XP level 5. HP: 26/26 MP: 8/8
  3648 | D:3      | Reached XP level 6. HP: 30/30 MP: 9/9
  3816 | D:3      | Found a bloodstained altar of Trog.
  4347 | D:4      | Noticed Robin
  4356 | D:4      | Noticed cireshan's ghost (amateur DECj)
  4842 | D:4      | Killed Robin
  4854 | D:4      | Reached XP level 7. HP: 27/34 MP: 10/10
  4959 | D:4      | Gained mutation: You can breathe flames. [potion of beneficial mutation]
  4990 | D:4      | Killed cireshan's ghost
  5161 | D:4      | Found a shadowy altar of Dithmenos.
  5253 | D:4      | Noticed Blork the orc
  5260 | D:4      | Killed Blork the orc
  5718 | D:5      | Entered Level 5 of the Dungeon
  6532 | D:5      | Reached skill level 5 in Staves
  6591 | D:5      | Reached XP level 8. HP: 24/39 MP: 11/11
  6824 | D:5      | Reached skill level 6 in Staves
  7840 | D:6      | Learned a level 6 spell: Statue Form
  7913 | D:6      | Reached skill level 7 in Staves
  7952 | D:6      | Gained mutation: Your system is resistant to poisons. [potion of mutation]
  8340 | D:6      | Found an iron altar of Okawaru.
  8384 | D:6      | HP: 1/39 [centaur (13)]
  8385 | D:6      | Mangled by a centaur

Vault maps used:
D:1:      lightli_arrival_windingriver, solitary_fountain,
          kennysheep_flooded_box
D:2:      fedhas_altar_fruit_tree
D:3:      nicolae_overflow_hidden_temple, kennysheep_generic_room_12,
          uniq_sigmund, uniq_crazy_yiuf_cottage
D:4:      grunt_dithmenos_smoke, first_bread, sigmund_army, uniq_robin,
          uniq_blork_the_orc
D:6:      kennysheep_okawaru_gauntlet, portal_sewer_entry_e,
          kennysheep_small_square

Action                   |  1- 3 |  4- 6 |  7- 9 || total
-------------------------+-------+-------+-------++-------
Melee: Mace              |   114 |       |       ||   114
       Quarterstaff      |       |   106 |   189 ||   295
 Fire: Hunting sling     |     6 |    78 |       ||    84
  Use: Scroll            |     3 |     3 |     5 ||    11
       Potion            |       |     1 |     5 ||     6
 Stab: Sleeping          |     2 |       |       ||     2
       Distracted        |     1 |     1 |       ||     2
       Petrified         |       |     1 |       ||     1
       Paralysed         |       |       |     4 ||     4
       Confused          |       |       |     1 ||     1
  Eat: Royal jelly       |       |     1 |       ||     1
       Fruit             |       |       |     6 ||     6
